AoeStats
← Beerial

African Clearing

510397023Analyzed
3v3 RM · 2d ago on Sep 30, 2026· 49m 47s· 6 players
Game mode
Random Map
Map size
Normal (6 player)
Population
200
Speed
Normal
Resources
Standard
Victory
Conquest
Starting age
Dark Age
Ending age
Imperial Age
RankedLock teamsTeams togetherTeam positionsShared explorationLock speedFull tech treeHidden civsTurbo modeCheats
Victory
Defeat
🇬🇧 Portuguese · United Kingdom
1395
+9
🇫🇷 Bulgarians · France
1385
+10
🇷🇺 Hindustanis · Russia
1342
+11
🇦🇷 Saxons · Argentina
1273
-11
🇦🇷 Armenians · Argentina
1238
-10
🇦🇷 Britons · Argentina
1220
-9
boomer2000
4:25 Loom
13:26 Feudal Age
14:04 Double-Bit Axe
14:02 Horse Collar
20:15 Wheelbarrow
23:35 Castle Age
26:08 Bow Saw
26:03 Heavy Plow
27:20 Hand Cart
32:39 Bloodlines
32:29 Husbandry
32:44 Scale Barding Armor
32:49 Forging
32:34 Gold Mining
33:29 Grand Trunk Road
33:32 Town Watch
37:56 Imperial Age
36:24 Light Cavalry
37:26 Chain Barding Armor
39:28 Plate Barding Armor
38:47 Hussar
41:20 Two-Man Saw
40:58 Gold Shaft Mining
42:00 Iron Casting
42:37 Conscription
42:23 Shatagni
43:28 Chemistry
42:35 Siege Engineers
42:44 Stone Mining
44:24 Town Patrol
46:21 Stone Shaft Mining
45:17 Heavy Camel Rider
46:56 Imperial Camel Rider
48:38 Blast Furnace
47:29 Fletching
47:39 Padded Archer Armor
48:39 Ballistics
48:30 Masonry
48:31 Fortified Wall
48:17 Murder Holes
49:14 Leather Archer Armor
48:55 Bodkin Arrow
50:26 Ring Archer Armor
49:57 Bracer
Beerial
8:29 Loom
12:17 Feudal Age
13:15 Double-Bit Axe
14:20 Horse Collar
14:49 Arson
16:20 Forging
16:12 Scale Mail Armor
21:56 Castle Age
21:17 Forging
22:55 Husbandry
23:05 Bloodlines
23:14 Bow Saw
23:07 Heavy Plow
23:15 Scale Barding Armor
25:52 Fletching
26:59 Town Watch
28:55 Wheelbarrow
30:56 Light Cavalry
34:34 Chain Barding Armor
34:49 Iron Casting
36:04 Hand Cart
39:55 Imperial Age
40:04 Imperial Age
38:00 Bodkin Arrow
39:09 Gold Mining
40:51 Masonry
41:02 Ballistics
40:09 Cavalier
40:10 Hussar
43:33 Blast Furnace
43:09 Plate Barding Armor
43:36 Blast Furnace
42:37 Bracer
44:19 Conscription
44:15 Stirrups
47:30 Chain Mail Armor
48:14 Plate Mail Armor
47:48 Bagains
50:15 Chemistry
49:47 Architecture
49:29 Town Patrol
49:32 Squires
49:17 Gambesons
God Of The Sea People
5:34 Loom
12:09 Feudal Age
12:44 Double-Bit Axe
12:40 Horse Collar
20:45 Castle Age
20:24 Stone Mining
28:03 Bow Saw
28:38 Heavy Plow
37:59 Ballistics
37:48 Circumnavigation
39:00 Wheelbarrow
39:55 Hand Cart
44:21 Imperial Age
43:09 Fletching
44:24 Elite Organ Gun
45:25 Conscription
45:22 Arquebus
46:31 Fortified Wall
46:25 Murder Holes
46:27 Bodkin Arrow
47:13 Bracer
Niimiiitzz'
9:13 Loom
12:34 Feudal Age
17:31 Castle Age
27:14 Fletching
32:35 Town Watch
34:13 Bodkin Arrow
37:27 Yeomen
39:00 Ballistics
47:38 Pikeman
Mayhem
5:45 Loom
13:43 Feudal Age
14:14 Double-Bit Axe
14:23 Gold Mining
19:08 Castle Age
18:44 Man-at-Arms
20:17 Bow Saw
19:59 Horse Collar
23:29 Scale Mail Armor
23:41 Town Watch
24:16 Squires
26:13 Heavy Plow
26:17 Long Swordsman
27:12 Gambesons
28:19 Wheelbarrow
28:10 Chain Mail Armor
28:04 Stone Mining
28:32 Fletching
29:03 Two-Handed Swordsman
29:39 Arson
30:34 Sanctity
32:49 Forging
33:35 Bodkin Arrow
34:15 Iron Casting
37:31 Imperial Age
36:57 Hand Cart
38:51 Plate Mail Armor
38:44 Conscription
39:01 Champion
40:09 Fereters
41:48 Blast Furnace
41:35 Gold Shaft Mining
42:03 Hoardings
43:48 Chemistry
43:09 Ballistics
42:31 Treadmill Crane
43:01 Masonry
42:58 Bracer
48:10 Capped Ram
Mark Renton
10:00 Loom
13:33 Feudal Age
15:08 Town Watch
17:28 Castle Age
15:44 Double-Bit Axe
16:29 Fletching
21:02 Bodkin Arrow
23:51 Husbandry
27:18 Ballistics
28:56 Town Watch
29:52 Bow Saw
29:29 Horse Collar
33:39 Wheelbarrow
36:15 Heavy Plow
36:37 Crossbowman
37:19 Padded Archer Armor
42:03 Imperial Age
41:22 Scale Mail Armor
41:51 Squires
42:56 Hand Cart
42:18 Elite Varangian Guard
44:13 Chain Mail Armor
44:09 Forging
44:34 Conscription
44:59 Arson
46:40 Plate Mail Armor
46:20 Shield Wall
48:32 Bracer
49:07 Iron Casting
Connection lost

Rejoining the realm…

Still unreachable

The connection could not be restored.

Session expired

The server has moved on; the page needs a fresh start.